 Dungeon Crawl Stone Soup version 0.28-a0-390-gb254ac4902 (webtiles) character file.

Game seed: 3397476735382423181

104357 Armakuni the Carver (level 16, -1/122 HPs)
             Began as a Human Cinder Acolyte on Sept 3, 2021.
             Was an Initiate of Elyvilon.
             Slain by a bunyip (19 damage)
             ... on level 1 of the Swamp on Sept 4, 2021.
             The game lasted 01:08:12 (24095 turns).

Armakuni the Carver (Human Cinder Acolyte)         Turns: 24095, Time: 01:08:12

Health: -1/122     AC: 21    Str: 18    XL:     16   Next: 92%
Magic:  26/26      EV: 17    Int: 21    God:    Elyvilon [......]
Gold:   1657       SH:  4    Dex: 10    Spells: 19/28 levels left

rFire   . . .      SeeInvis .   a - +8 rapier of Spite {elec, +Rage rF+ Int+4}
rCold   . . .      Faith    .   W - +0 buckler
rNeg    + . .      Spirit   .   B - +5 ring mail "Nethafale" {Regen+}
rPois   +          Reflect  .   p - +5 hat "Wuoku" {rPois Will++ rCorr}
rElec   .          Harm     .   z - +1 cloak
rCorr   +          Rampage  .   (no gloves)
Will    +++++      Clarity  +   P - +0 pair of boots
Stlth   ..........              G - amulet of the Four Winds {rN+ Will+++ Clar}
HPRegen 1.30/turn               E - +4 ring of evasion
MPRegen 0.20/turn               S - +4 ring of slaying

@: fire susceptible
A: no striking features
a: Renounce Religion, Evoke Berserk Rage


You were on level 1 of the Swamp.
You worshipped Elyvilon.
Elyvilon was noncommittal.
You visited 5 branches of the dungeon, and saw 26 of its levels.
You also visited: Gauntlet.

You collected 2854 gold pieces.
You spent 1197 gold pieces at shops.

Inventory:

Hand Weapons
 a - the +8 rapier of Spite (weapon) {elec, +Rage rF+ Int+4}
   (You found it on level 6 of the Dungeon)

   It occasionally discharges a powerful burst of electricity upon striking a
   foe.
   Int:       It affects your intelligence (+4).
   rF:        It protects you from fire.
   +Rage:     It lets you go berserk.
 b - a +4 scimitar of flaming
Armour
 p - the +5 hat "Wuoku" (worn) {rPois Will++ rCorr}
   (You found it in a Gauntlet)

   rPois:     It protects you from poison.
   rCorr:     It protects you from acid and corrosion.
   Will:      It greatly increases your willpower.
 q - the +6 scale mail of Card Tricks {Str+6}
   (You found it on level 5 of the Dungeon)

   Str:       It affects your strength (+6).
 z - a +1 cloak (worn)
 B - the +5 ring mail "Nethafale" (worn) {Regen+}
   (You found it on level 8 of the Dungeon)

   Regen:     It increases your rate of health regeneration.
 P - a +0 pair of boots (worn)
 W - a +0 buckler (worn)
Jewellery
 E - a +4 ring of evasion (left hand)
 G - the amulet of the Four Winds (around neck) {rN+ Will+++ Clar}
   (You found it on level 10 of the Dungeon)

   [amulet of nothing]

   rN:        It protects you from negative energy.
   Clar:      It protects you against confusion.
   Will:      It greatly increases your willpower.
 J - a ring of protection from cold
 K - a ring of positive energy
 L - a ring of flight
 R - an amulet of regeneration
 S - a +4 ring of slaying (right hand)
Wands
 j - a wand of iceblast (3)
 s - a wand of polymorph (9)
 v - a wand of acid (5)
 F - a wand of flame (87)
 O - a wand of paralysis (3)
Scrolls
 d - 3 scrolls of enchant weapon
 h - 4 scrolls of enchant armour
 i - 2 scrolls of magic mapping
 k - a scroll of silence
 m - 2 scrolls of vulnerability
 n - 12 scrolls of identify
 o - 3 scrolls of fear
 r - 5 scrolls of teleportation
 y - 4 scrolls of amnesia
 A - 2 scrolls of blinking
 M - a scroll of holy word
 Q - 4 scrolls of noise
 U - a scroll of fog
 V - a scroll of immolation
Potions
 c - a potion of attraction {unknown}
 e - 3 potions of flight
 f - 14 potions of curing
 g - 9 potions of heal wounds
 l - 2 potions of haste
 t - 4 potions of lignification
 u - 6 potions of might
 w - 2 potions of cancellation
 C - 3 potions of invisibility
 D - 2 potions of magic
 H - 2 potions of resistance
 I - 2 potions of brilliance
 N - 5 potions of mutation
Miscellaneous
 T - a tin of tremorstones (2/2)


   Skills:
 - Level 10.0 Fighting
 - Level 12.0(14.0) Short Blades
 - Level 12.1(14.0) Long Blades
 - Level 10.0 Armour
 - Level 10.0 Dodging
 + Level 2.9 Shields
 - Level 6.9 Spellcasting
 - Level 7.4 Conjurations
 - Level 9.2 Fire Magic
 - Level 7.5 Earth Magic
 + Level 2.3 Invocations
 - Level 6.1 Evocations


You had 19 spell levels left.
You knew the following spells:

 Your Spells              Type           Power      Damage    Failure   Level
b - Blink                 Tloc           N/A        N/A       24%         2
m - Bolt of Magma         Conj/Fire/Erth 20%        4d10      16%         5
s - Scorch                Fire           92%        2d10      1%          2

Your spell library contained the following spells:

 Spells                   Type           Power      Damage    Failure   Level
 Magic Dart               Conj           100%       1d8       1%          1
 Searing Ray              Conj           76%        3d6       1%          2
 Stone Arrow              Conj/Erth      76%        3d11      2%          3
 Static Discharge         Conj/Air       23%        N/A       5%          2
 Corona                   Hex            7%         N/A       16%         1
 Ensorcelled Hibernation  Hex/Ice        14%        N/A       24%         2
 Slow                     Hex            7%         N/A       24%         2
 Sublimation of Blood     Necr           3%         N/A       24%         2
 Petrify                  Tmut/Erth      23%        N/A       32%         4
 Fulminant Prism          Conj/Hex       11%        3d9       34%         4
 Confusing Touch          Hex            7%         N/A       43%         3
 Lesser Beckoning         Tloc           7%         N/A       43%         3
 Portal Projectile        Hex/Tloc       14%        N/A       43%         3
 Tukima's Dance           Hex            7%         N/A       43%         3
 Irradiate                Conj/Tmut      11%        3d17      67%         5
 Lightning Bolt           Conj/Air       11%        1d24      67%         5
 Blade Hands              Tmut           3%         N/A       99%         5
 Excruciating Wounds      Necr           3%         N/A       99%         5
 Manifold Assault         Tloc           7%         N/A       99%         5
 Yara's Violent Unravell  Hex/Tmut       3%         3d4       99%         5
 Maxwell's Capacitive Co  Air            3%         ∞         100%        8
 Shatter                  Erth           19%        3d18*     100%        9


Dungeon Overview and Level Annotations

Branches:
Dungeon (15/15)            Temple (1/1) D:7            Lair (6/6) D:9
  Swamp (2/4) Lair:3       Spider (0/4) Lair:2        Slime (0/5) Lair:6
    Orc (2/2) D:10            Elf (0/3) Orc:2        Vaults (0/5) D:14
 Depths (0/5) D:15        Gauntlet (visited)

Altars:
Ashenzari
Cheibriados
Dithmenos
Elyvilon
Fedhas
Gozag
Hepliaklqana
Kikubaaqudgha
Makhleb
Nemelex Xobeh
Okawaru
Qazlal
Ru
Sif Muna
Trog
Uskayaw
Vehumet
Wu Jian
Xom
Yredelemnul
Zin
The Shining One
Beogh

Shops:
D:5 !*(   D:7 ((   D:13 !   D:15 :   Orc:1 (   Orc:2 ==?(

Annotations:
D:12 1 runed translucent door
Orc:1 2 transporters, bmj180's ghost, journeyman DrCj


Message History

Aim: a bunyip (66% to hit)
You throw a curare-tipped dart.
The curare-tipped dart barely misses the bunyip.
The bunyip misses you. The bunyip closely misses you. The bunyip misses you.
The tyrant leech bites you.
The tyrant leech draws strength from your injuries!
Aiming: Paralyse
Press: ? - help, Shift-Dir - straight line, f - tyrant leech, p - bunyip
Aim: a tyrant leech (lightly wounded, very poisoned, slow, chance to affect: 47%)
The tyrant leech suddenly stops moving!
The helpless tyrant leech fails to defend itself.
You impale the tyrant leech!!
The tyrant leech is heavily wounded.
The helpless tyrant leech fails to defend itself.
You spit the tyrant leech like a pig!!!
You kill the tyrant leech!
You barely miss the bunyip. You barely miss the bunyip.
The bunyip barely misses you. The bunyip claws you!!
The bunyip completely misses you.
You hit the bunyip.
The bunyip is lightly wounded.
You puncture the bunyip!
The bunyip is moderately wounded.
You puncture the bunyip!
The bunyip is moderately wounded.
You hit the bunyip.
The bunyip is heavily wounded.
You puncture the bunyip!
The bunyip is severely wounded.
You puncture the bunyip!
The bunyip is almost dead.
The bunyip howls a warning cry!
You puncture the bunyip!
The bunyip is almost dead.
The bunyip claws you!
* * * LOW HITPOINT WARNING * * *
The bunyip claws you!
* * * LOW HITPOINT WARNING * * *
The bunyip claws you!!
You die...

♣♣♣ ♣♣♣ ♣♣♣ ♣.♣ ♣♣.♣♣
♣♣.♣♣♣.♣ ♣.(.♣♣♣♣♣.≈≈♣.♣♣
♣♣♣ ♣ ♣.♣>≈....[≈≈≈≈♣
♣♣.♣♣♣
♣..§≈≈≈≈≈≈♣≈≈.♣♣♣♣≈.♣..
♣♣†♣.≈(.≈♣≈≈≈≈≈♣....♣.≈.
♣....≈≈@≈≈≈≈♣≈.≈...♣♣♣≈♣
♣♣.≈.≈≈..x..≈≈≈≈≈≈.♣♣ ♣≈♣
♣♣♣ ♣.≈§.≈≈.≈≈≈.≈....≈♣♣
♣.♣
♣>♣♣♣♣♣.♣≈.≈≈≈≈...♣♣.♣♣♣♣
♣≈♣
♣♣..♣.♣...≈.≈≈...§.♣♣.♣
♣≈♣
♣♣≈≈.≈≈.≈≈≈≈.≈.≈≈≈≈.♣♣.♣
♣.♣
♣..♣..≈.≈≈≈♣≈.≈≈....♣♣.♣
♣.♣
...♣♣♣......≈§≈♣≈≈≈.♣♣.♣
♣..
...♣♣<≈≈♣≈≈.♣≈≈≈♣≈≈.♣♣.♣
♣..


You could see a bunyip (catching breath).

Vanquished Creatures
  A thorn hunter (Swamp:1)
  A quicksilver ooze (Gauntlet)
  A stone giant (D:15)
  The ghost of Paluwo the Brawler, a journeyman TrMo of Nemelex Xobeh (Lair:3)
  The ghost of Pomol the Cleaver, a journeyman DDFi of Okawaru (Lair:4)
  An entropy weaver (Gauntlet)
  A minotaur (Gauntlet)
  A bunyip (Swamp:1)
  6 boulder beetles
  Fannar (Lair:2)
  Harold (D:8)
  A vault guard (D:14)
  15 hydras
  3 catoblepae
  An ogre mage (D:15)
  Erica (Lair:2)
  A ghost crab (Swamp:1)
  4 centaur warriors
  An alligator (Lair:3)
  6 two-headed ogres
  A death knight (D:13)
  4 tengu warriors
  Urug (Lair:5)
  4 death yaks (Lair:6)
  Sonja (Lair:2)
  2 spriggan druids
  A wizard (D:15)
  2 bog bodies (Swamp:1)
  2 deep elf pyromancers
  Pikel (D:4)
  3 orc knights
  An orb spider (Lair:2)
  A wolf spider (D:15)
  10 ugly things
  3 orc sorcerers
  A lindwurm (Lair:1)
  4 cyclopes
  A faun (Lair:2)
  12 elephants
  4 manticores
  3 black mambas
  18 cane toads
  4 gargoyles
  2 rime drakes
  2 demonic crawlers (D:15)
  3 unseen horrors
  Maggie (Lair:1)
  3 komodo dragons
  A kobold demonologist (D:12)
  A tengu conjurer (D:14)
  A jumping spider (Gauntlet)
  2 trolls
  An efreet (D:14)
  A bloated husk (Swamp:1)
  7 tyrant leeches
  6 polar bears
  3 meliai (D:15)
  3 hornets
  Grinder (D:6)
  5 slime creatures
  A meliai zombie (D:11)
  12 blink frogs
  A vampire (D:12)
  Sigmund (D:2)
  A spriggan (Lair:3)
  A shadow (D:9)
  2 wraiths
  3 wyverns
  Eustachio (D:5)
  16 yaks
  3 steam dragons
  4 basilisks
  12 vampire mosquitoes
  3 swamp worms (Swamp:1)
  4 wargs
  Edmund (D:5)
  2 acid dragons
  12 water moccasins
  4 black bears
  28 orc warriors
  2 swamp drakes (Swamp:1)
  A necrophage (D:6)
  5 ogres
  An ice beast (D:8)
  44 wolves
  A phantom (D:6)
  29 centaurs
  2 lemures (D:4)
  5 kobold brigands
  16 bullfrogs
  2 wyvern zombies
  A gnoll sergeant (D:13)
  A scorpion (D:6)
  32 killer bees
  10 wights
  4 electric eels (Lair:6)
  2 centaur zombies
  2 jellies
  Crazy Yiuf (D:2)
  17 orc priests
  5 hounds
  4 iguanas
  A bullfrog skeleton (D:5)
  2 centaur skeletons
  A gnoll shaman (D:6)
  A scorpion zombie (D:5)
  13 orc wizards
  A hound zombie (D:5)
  3 howler monkey zombies
  Robin (D:2)
  8 gnolls
  6 adders
  A shadow imp (D:6)
  An adder skeleton (D:4)
  A worm (D:2)
  12 dart slugs
  62 orcs
  3 ball pythons
  6 endoplasms
  20 goblins
  7 hobgoblins
  15 kobolds
  2 quokkas (D:2)
  4 bats
  A frilled lizard (D:3)
  5 rats
652 creatures vanquished.

Vanquished Creatures (others)
  A two-headed ogre (D:15)
  3 bloated husks (Swamp:1)
  A spriggan (Swamp:1)
  4 orcs
  2 briar patches (Swamp:1)
  13 demonic plants (Gauntlet)
  78 foxfires
  11 fungi
  107 plants
220 creatures vanquished.

Grand Total: 872 creatures vanquished

Notes
Turn   | Place    | Note
-------+----------+-------------------------------------------
     0 | D:1      | Armakuni the Human Cinder Acolyte began the quest for the
                  | Orb.
     0 | D:1      | Reached XP level 1. HP: 18/18 MP: 2/2
   832 | D:1      | Reached XP level 2. HP: 22/24 MP: 3/3
   853 | D:1      | Found a faded altar of an unknown god.
   995 | D:2      | Learned a level 2 spell: Scorch
  1122 | D:2      | Reached XP level 3. HP: 11/29 MP: 4/4
  1526 | D:2      | Noticed Robin
  1534 | D:2      | Killed Robin
  1534 | D:2      | Noticed Sigmund
  1535 | D:2      | Reached XP level 4. HP: 36/37 MP: 0/5
  1593 | D:2      | Killed Sigmund
  1594 | D:2      | Reached skill level 5 in Fighting
  1594 | D:2      | Reached skill level 5 in Long Blades
  1594 | D:2      | Reached XP level 5. HP: 41/44 MP: 1/6
  1594 | D:2      | Reached XP level 6. HP: 47/51 MP: 1/7
  2325 | D:2      | Found a runed translucent door.
  2326 | D:2      | Noticed Crazy Yiuf
  2332 | D:2      | Killed Crazy Yiuf
  3565 | D:4      | Noticed a black bear
  3575 | D:4      | Killed a black bear
  3576 | D:4      | Reached skill level 5 in Fire Magic
  3576 | D:4      | Reached XP level 7. HP: 54/56 MP: 1/8
  3804 | D:4      | Reached skill level 1 in Armour
  4164 | D:5      | Entered Level 5 of the Dungeon
  4209 | D:5      | Noticed Pikel
  4386 | D:4      | Killed Pikel
  4387 | D:4      | Reached skill level 5 in Armour
  4387 | D:4      | Reached XP level 8. HP: 52/62 MP: 4/9
  4483 | D:5      | Noticed Edmund
  4505 | D:5      | Killed Edmund
  5003 | D:5      | Noticed Eustachio
  5072 | D:5      | Killed Eustachio
  5073 | D:5      | Reached XP level 9. HP: 33/69 MP: 10/10
  5272 | D:5      | Found Ved Ont's General Store.
  5417 | D:5      | Identified the +6 scale mail of Card Tricks {Str+6}
  5437 | D:5      | Bought a scroll of identify for 22 gold pieces
  5437 | D:5      | Bought a scroll of identify for 22 gold pieces
  5514 | D:5      | Found Pist's Weapon Boutique.
  5708 | D:5      | Found Qeselox's Distillery.
  5711 | D:5      | Bought a potion of berserk rage for 55 gold pieces
  5711 | D:5      | Bought a potion of heal wounds for 55 gold pieces
  5711 | D:5      | Bought a potion of lignification for 33 gold pieces
  5711 | D:5      | Bought a potion of heal wounds for 55 gold pieces
  5711 | D:5      | Bought a potion of heal wounds for 55 gold pieces
  5923 | D:6      | Identified the +8 rapier of Spite {elec, +Rage rF+ Int+4}
  5979 | D:6      | Reached skill level 1 in Short Blades
  6023 | D:6      | Noticed Grinder
  6027 | D:6      | Paralysed by Grinder for 5 turns
  6034 | D:6      | Killed Grinder
  6210 | D:6      | Found a glowing silver altar of Zin.
  6260 | D:6      | Found a sparkling altar of Nemelex Xobeh.
  6472 | D:7      | Noticed a hornet
  6482 | D:7      | Killed a hornet
  6483 | D:7      | Reached skill level 5 in Short Blades
  6628 | D:7      | Found a staircase to the Ecumenical Temple.
  6637 | Temple   | Entered the Ecumenical Temple
  6873 | D:7      | Learned a level 2 spell: Blink
  6898 | D:7      | Reached XP level 10. HP: 67/77 MP: 11/11
  7073 | D:7      | Found Iwau's Weapon Shoppe.
  7241 | D:7      | Found Heicoapo's Firing Range.
  7434 | D:8      | Identified the +5 ring mail "Nethafale" {Regen+}
  7647 | D:8      | Noticed Harold
  7654 | D:8      | Killed Harold
  7976 | D:8      | Found a shimmering altar of Xom.
  7997 | D:8      | Found an opulent altar of Gozag.
  8065 | D:8      | Found a hazy altar of Hepliaklqana.
  8087 | D:8      | Found an ornate altar of the Wu Jian Council.
  8359 | D:9      | Reached XP level 11. HP: 45/83 MP: 2/12
  8549 | D:9      | Found a staircase to the Lair.
  8937 | D:9      | Identified the +2 long sword of Suicidal Tendencies {drain,
                  | Contam rElec Dex+2 SInv}
  8940 | Lair:1   | Entered Level 1 of the Lair of Beasts
  9045 | D:10     | Entered Level 10 of the Dungeon
  9051 | D:10     | Found the amulet of the Four Winds {rN+ Will+++ Clar}
  9102 | D:10     | Reached skill level 10 in Long Blades
  9427 | D:10     | Reached skill level 10 in Short Blades
  9854 | D:10     | Found a staircase to the Orcish Mines.
 10269 | D:11     | You fall into a shaft and drop 2 floors!
 10277 | D:13     | Noticed a death knight
 10290 | D:13     | Killed a death knight
 10435 | D:13     | Noticed a centaur warrior
 10451 | D:13     | Reached XP level 12. HP: 89/89 MP: 13/13
 10466 | D:13     | Killed a centaur warrior
 10696 | D:12     | Noticed a boulder beetle
 10752 | D:12     | Killed a boulder beetle
 10778 | D:11     | Noticed a two-headed ogre
 10785 | D:11     | Killed a two-headed ogre
 12031 | D:12     | Found a runed translucent door.
 12033 | D:12     | Noticed an ettin
 12034 | D:12     | Noticed a flayed ghost
 12035 | D:12     | Noticed a flayed ghost
 12130 | D:10     | Identified the +7 great sword "Newtbane" {vorpal, Stlth+}
 12196 | D:13     | Found Yntiloc's Distillery.
 12282 | D:13     | Found a bloodstained altar of Trog.
 12604 | D:14     | Noticed a tengu warrior
 12618 | D:14     | Killed a tengu warrior
 12619 | D:14     | Reached XP level 13. HP: 86/98 MP: 14/14
 12862 | D:14     | Noticed a centaur warrior
 12881 | D:14     | Killed a centaur warrior
 13221 | D:14     | Noticed a boulder beetle
 13233 | D:14     | Killed a boulder beetle
 13527 | D:14     | Noticed a vault guard
 13569 | D:14     | Reached skill level 10 in Fighting
 13579 | D:14     | Killed a vault guard
 13580 | D:14     | Reached skill level 10 in Armour
 13580 | D:14     | Reached skill level 1 in Dodging
 13580 | D:14     | Reached skill level 1 in Evocations
 13618 | D:14     | Found a gate to the Vaults.
 13681 | D:15     | Entered Level 15 of the Dungeon
 13685 | D:15     | Noticed a boulder beetle
 13707 | D:15     | Noticed a boulder beetle
 13729 | D:15     | Killed a boulder beetle
 13738 | D:15     | Killed a boulder beetle
 13831 | D:15     | Noticed a centaur warrior
 13831 | D:15     | Noticed an ogre mage
 13982 | D:15     | Noticed a four-headed hydra
 13997 | D:15     | Killed a one-headed hydra
 13998 | D:15     | Reached XP level 14. HP: 102/110 MP: 15/15
 14123 | D:15     | Reached skill level 5 in Evocations
 14154 | D:15     | Noticed a stone giant
 14155 | D:15     | Found a staircase to the Depths.
 14162 | D:15     | Killed a stone giant
 14163 | D:15     | Reached skill level 5 in Dodging
 14254 | D:15     | Identified the +0 robe of Atheism {Regen+ Int-3 SInv}
 14361 | D:15     | Found a radiant altar of Vehumet.
 14626 | D:15     | Found Zodu Vais's Book Emporium.
 14835 | Orc:1    | Entered Level 1 of the Orcish Mines
 14906 | Orc:2    | Entered Level 2 of the Orcish Mines
 15022 | Orc:1    | Found Helut's Weapon Shoppe.
 15173 | Orc:1    | Found a transporter.
 15174 | Orc:1    | Noticed bmj180's ghost (journeyman DrCj)
 15188 | Orc:1    | Found a transporter.
 15951 | Orc:2    | Reached skill level 10 in Dodging
 16363 | Orc:2    | Found a staircase to the Elven Halls.
 16519 | Orc:2    | Found Disithe's Magic Scroll Emporium.
 16519 | Orc:2    | Found Qurof's Jewellery Boutique.
 16521 | Orc:2    | Found Kosaph's Jewellery Shop.
 16523 | Orc:2    | Found Nulis's Weapon Shoppe.
 16610 | Orc:2    | Bought a scroll of blinking for 97 gold pieces
 16610 | Orc:2    | Bought a scroll of fear for 45 gold pieces
 16610 | Orc:2    | Bought a scroll of teleportation for 39 gold pieces
 16610 | Orc:2    | Bought a scroll of teleportation for 39 gold pieces
 16799 | D:15     | Bought a book of the Earth for 680 gold pieces
 16924 | Lair:1   | Learned a level 5 spell: Bolt of Magma
 17003 | Lair:1   | Reached skill level 1 in Conjurations
 17003 | Lair:1   | Reached skill level 1 in Earth Magic
 17037 | Lair:1   | Reached XP level 15. HP: 109/115 MP: 17/17
 17310 | Lair:1   | Noticed Maggie
 17318 | Lair:1   | Killed Maggie
 17677 | Lair:2   | You fall into a shaft and drop 2 floors!
 17692 | Lair:4   | Identified the +9 halberd of Massacring {vamp, Contam *Rage
                  | Str+2 Int+10}
 17815 | Lair:4   | Found a gate leading to a gauntlet.
 17825 | Gauntlet | Entered a Gauntlet
 17825 | Gauntlet | Found a transporter.
 17828 | Gauntlet | Found a transporter.
 17844 | Gauntlet | Found a transporter.
 17848 | Gauntlet | Found a transporter.
 17853 | Gauntlet | Noticed a quicksilver ooze
 17868 | Gauntlet | Found a transporter.
 17881 | Gauntlet | Found a transporter.
 17887 | Gauntlet | Found a transporter.
 17890 | Gauntlet | Found a transporter.
 17917 | Gauntlet | Found a runed translucent door.
 17918 | Gauntlet | Found a transporter.
 17919 | Gauntlet | Found a transporter.
 17923 | Gauntlet | Found a transporter.
 17941 | Gauntlet | Found a transporter.
 17964 | Gauntlet | Found a runed translucent door.
 18060 | Gauntlet | Identified the +5 hat "Wuoku" {rPois Will++ rCorr}
 18102 | Gauntlet | Killed a quicksilver ooze
 18134 | Gauntlet | Identified the -2 hat "Ywexay" {rC+ Will+ Dex+6}
 18439 | Lair:2   | Noticed Erica
 18445 | Lair:2   | Noticed Sonja
 18458 | Lair:2   | Killed Erica
 18473 | Lair:2   | Noticed Fannar
 18494 | Lair:2   | Killed Sonja
 18499 | Lair:2   | Killed Fannar
 18800 | Lair:2   | Found a hole to the Spider Nest.
 19345 | Lair:3   | Reached skill level 5 in Conjurations
 19345 | Lair:3   | Reached skill level 5 in Earth Magic
 19396 | Lair:3   | Found a staircase to the Swamp.
 19597 | Lair:3   | Found a runed translucent door.
 19599 | Lair:3   | Noticed Paluwo's ghost (journeyman TrMo)
 19615 | Lair:3   | Killed Paluwo's ghost
 20197 | Lair:4   | Found a runed translucent gate.
 20197 | Lair:4   | Found a runed translucent gate.
 20361 | Lair:4   | Noticed Pomol's ghost (journeyman DDFi)
 20362 | Lair:4   | Found a runed translucent gate.
 20399 | Lair:4   | Killed Pomol's ghost
 20400 | Lair:4   | Reached skill level 5 in Spellcasting
 20733 | Lair:5   | Noticed Urug
 20753 | Lair:5   | Killed Urug
 20988 | Lair:5   | Reached XP level 16. HP: 116/122 MP: 23/23
 21231 | Lair:5   | You fall into a shaft and drop 1 floor!
 21231 | Lair:6   | Entered Level 6 of the Lair of Beasts
 21323 | Lair:6   | Found a staircase to the Slime Pits.
 21747 | Lair:6   | Found an ornate altar of the Wu Jian Council.
 23002 | Temple   | Fell from the grace of Ignis
 23002 | Temple   | Became a worshipper of Elyvilon the Healer
 23200 | Swamp:1  | Entered Level 1 of the Swamp
 23575 | Swamp:1  | Reached skill level 1 in Shields
 23629 | Swamp:1  | Noticed a thorn hunter
 23660 | Swamp:1  | Killed a thorn hunter
 23661 | Swamp:1  | Reached skill level 1 in Invocations
 24095 | Swamp:1  | Slain by a bunyip

Illustrated notes

Levels and vault maps discovered:
D:1:      minmay_arrival_jagged, layout_basic,
          hellmonk_ecumenical_altar_prayer_group
D:2:      minmay_alternating_diamond, layout_basic, uniq_crazy_yiuf_cottage,
          uniq_sigmund, uniq_robin
D:3:      layout_loops_ring
D:4:      layout_basic
D:5:      kennysheep_slugbush, layout_basic, serial_shops,
          nicolae_shop_window_shopping, shop, nicolae_lakefront_shop,
          hangedman_abyss_or_decor_slice, uniq_edmund, uniq_eustachio,
          uniq_pikel
D:6:      layout_rooms, zin_academy, nemelex_altar_shiori, uniq_grinder
D:7:      layout_basic, minmay_temple_entry_sparse_star, serial_shops,
          nicolae_lakefront_shop, minmay_misc_feat_rows,
          nicolae_shop_firing_range
D:8:      layout_loops_ring, nicolae_overflow_quartered_altars, uniq_harold
D:9:      layout_roguey, erik_lair_orcish_takeover
D:10:     layout_stronghold, hiddenorc1_lemuel, minivault_21
D:11:     layout_long_grid
D:12:     layout_loops_ring, kennysheep_treasure_room
D:13:     layout_loops_ring, serial_shops, shop_coins, trog_hazing_becter
D:14:     layout_rooms, david_vaults_5, serial_bayou_pond_a
D:15:     grunt_enter_depths_snipers, layout_basic, serial_shops,
          nicolae_shop_temple_entry_statues_fountains, nicolae_vehumet_radiance,
          einodemon_crawler_minivault
Temple:   regret_index_temple_sphere_string
Lair:1:   layout_long_grid, hangedman_lair_generics_rect, uniq_maggie
Lair:2:   layout_big_grid, nicolae_spider_entry_orb_guardian,
          grunt_forest_large_clearings, uniq_sonja, uniq_erica, uniq_fannar
Lair:3:   layout_loops_ring, palyth_hydra_swamp_entry,
          ebering_ghost_reflecting_pool, serial_bayou_shore_b
Lair:4:   layout_loops_ring, ebering_ghost_rock_garden, gauntlet_entry_generic
Lair:5:   wad_woods_minihive, layout_big_grid, small_statue_intersection,
          st_stairs_8, minivault_27, uniq_urug
Lair:6:   minmay_lair_end_frog_pond, layout_regular_city,
          minmay_slime_entry_pillars, basic_altar, serial_bayou_lake_a,
          lemuel_fruit_tree
Swamp:1:  layout_falls_marsh, evilmike_swamp_ruin_rubble_1
Swamp:2:  layout_basic_swamp, evilmike_swamp_ruin_house_5,
          nicolae_swamp_bloodsuckers_inc
Orc:1:    layout_diamond_mine, serial_shops, nicolae_shop_behind_doors,
          gammafunk_ghost_stat_death
Orc:2:    st_orc_rangers, layout_diamond_mine, basic_altar

Skill      XL: |  1  2  3  4  5  6  7  8  9 10 11 12 13 14 15 16 |
---------------+-------------------------------------------------+-----
Fighting       | 4 5 6 8 10 | 10.0
Long Blades    | 4 5 6 9 11 12 | 12.1
Fire Magic     | 5 7 9 |  9.2
Armour         | 5 6 7 10 | 10.0
Short Blades   | 5 8 10 12 | 12.0
Dodging        | 4 10 | 10.0
Evocations     | 4 6 |  6.1
Conjurations   | 1 5 7 |  7.4
Earth Magic    | 1 5 7 |  7.5
Spellcasting   | 5 6 |  6.9
Shields        | 2 |  2.9
Invocations    | 2 |  2.3

Action                   |  1- 3 |  4- 6 |  7- 9 | 10-12 | 13-15 | 16-18 || total
-------------------------+-------+-------+-------+-------+-------+-------++-------
Melee: Falchion          |    60 |    26 |    30 |       |       |       ||   116
       Dagger            |       |    40 |   122 |       |       |       ||   162
       Long sword        |       |     8 |    57 |       |       |       ||    65
       Rapier            |       |       |    40 |   473 |   899 |   529 ||  1941
       Scimitar          |       |       |       |       |    49 |    37 ||    86
Throw: Throwing net      |       |       |       |     7 |     8 |       ||    15
       Dart              |       |       |       |     1 |    27 |    10 ||    38
 Cast: Scorch            |     4 |    16 |    17 |     7 |       |       ||    44
Invok: Foxfire Swarm     |     3 |       |       |       |     1 |       ||     4
       Sea of Fire       |     1 |       |       |       |       |       ||     1
       Rising Flame      |       |       |       |       |     1 |       ||     1
Evoke: Wand              |       |       |     7 |    33 |    23 |     8 ||    71
       Tin of tremorston |       |       |       |       |     2 |       ||     2
  Use: Scroll            |     3 |     5 |     5 |     8 |     7 |     3 ||    31
       Potion            |       |       |       |     4 |     1 |     1 ||     6
 Stab: Held in net/web   |       |       |       |     2 |     7 |       ||     9
       Paralysed         |       |       |       |       |     8 |     6 ||    14
Armor: Ring mail         |    24 |    32 |    66 |   187 |   443 |   167 ||   919
       Robe              |     1 |       |       |       |       |       ||     1
       Scale mail        |       |       |    44 |    12 |       |       ||    56
Dodge: Dodged            |    44 |    52 |   159 |   234 |   819 |   291 ||  1599
Block: Other             |       |       |    34 |    31 |       |       ||    65
       Reflection        |       |       |     2 |     4 |       |       ||     6
       Buckler           |       |       |       |       |       |     5 ||     5

Table legend: (Time is in decaauts)
 A = Elapsed time spent in this place.
 B = Non-inter-level travel time spent in this place.
 C = Inter-level travel time spent in this place.
 D = Time resting spent in this place.
 E = Time spent auto-exploring this place.
 F = Levels seen in this place.
 G = Mean time per level.
                   A        B        C        D        E       F      G
               +--------+--------+--------+--------+--------+-----+--------+
         Total |  23272 |  21773 |   1499 |   2906 |  13595 |  27 |  861.9 |
       Dungeon |  14630 |  13743 |    887 |   2101 |   8546 |  15 |  975.3 |
        Temple |    189 |    150 |     39 |      0 |    128 |   1 |  189.0 |
          Lair |   5636 |   5174 |    462 |    422 |   3374 |   6 |  939.3 |
         Swamp |    630 |    619 |     11 |    134 |    255 |   2 |  315.0 |
  Orcish Mines |   1763 |   1665 |     98 |    177 |   1100 |   2 |  881.5 |
      Gauntlet |    422 |    422 |      0 |     72 |    192 |   1 |  422.0 |
               +--------+--------+--------+--------+--------+-----+--------+

Top non-repeatable levels by time:
     D:2: 1598 daAuts
     D:5: 1442 daAuts
     D:4: 1252 daAuts
  Lair:6: 1241 daAuts
  Lair:3: 1236 daAuts
    D:14: 1186 daAuts
    D:10: 1035 daAuts
   Orc:2: 1033 daAuts
    D:11: 964 daAuts
    D:15: 937 daAuts
  Lair:1: 935 daAuts
     D:1: 912 daAuts
     D:9: 865 daAuts
     D:7: 834 daAuts
  Lair:5: 830 daAuts
